Map: Flooded City

Players

MonstroTown - Winner!

  • Race: Terran Terran
  • Spawn Location: 6:00

Michael - Winner!

  • Race: Zerg Zerg
  • League: Gold
  • Spawn Location: 6:00

SofaKing

  • Race: Terran Terran
  • Spawn Location: 12:00

Fishfry

  • Race: Protoss Protoss
  • League: Platinum
  • Spawn Location: 12:00

VOD

Have the link to the VOD?

Description

Time

  • Played on: Oct. 6, 2018, 2:38 p.m.
  • Length: 22:21
Show
View Real Time Build Order
Export as new Build Order

MonstroTown Terran - Winner!

Build Orders:  

Get SALT Encoding   

  12  0:01  SCV  
  13  0:13  SCV  
  14  0:23  Supply Depot  
  14  0:25  SCV  
  15  0:45  SCV  
  15  0:47  Barracks  
  16  0:57  SCV, Barracks  
  17  1:09  SCV, Refinery  
  18  1:21  SCV  
  19  1:31  Barracks  
  19  1:33  SCV  
  19  1:39  Marine  
  21  1:46  Marine  
  22  1:52  Supply Depot  
  22  1:59  Marine  
  23  2:02  Orbital Command  
  23  2:07  Barracks Tech Lab  
  23  2:18  Refinery  
  23  2:19  Marine  
  23  2:21  Marine  
  25  2:29  Marauder  
  27  2:34  Stimpack  
  27  2:35  SCV  
  28  2:44  Marine  
  28  2:45  Marine  
  30  3:05  Marine  
  30  3:06  Command Center  
  31  3:21  Factory  
  31  3:26  Supply Depot  
  31  3:48  SCV, Marauder, Marine  
  35  3:49  Engineering Bay  
  35  3:59  Marine  
  35  4:00  SCV  
  37  4:04  Supply Depot  
  37  4:11  Factory Tech Lab  
  37  4:12  SCV  
  38  4:23  Starport  
  38  4:27  SCV  
  38  4:29  Terran Infantry Weapons Level 1  
  37  4:58  Marine x3  
  37  5:03  Siege Tank  
  38  5:16  Marine x2  
  38  5:17  Marauder  
  42  5:23  SCV  
  42  5:24  Orbital Command  
  41  5:35  SCV  
  39  5:47  SCV  
  40  5:59  SCV  
  41  6:08  Marine  
  41  6:09  Marauder  
  41  6:11  Siege Tank  
  47  6:13  Medivac  
  47  6:15  SCV x2  
  51  6:24  Terran Infantry Armor Level 1  
  51  6:27  SCV x2  
  51  6:30  Marauder  
  51  6:31  Refinery, Marine  
  51  6:32  Barracks Reactor  
  56  6:39  SCV  
  57  6:44  Barracks  
  57  6:45  Supply Depot  
  57  6:48  Marine  
  58  7:01  SCV x2  
  60  7:13  SCV x2  
  60  7:14  Engineering Bay  
  60  7:15  Armory  
  62  7:16  Marauder, Marine x2  
  62  7:17  Siege Tank  
  69  7:23  Missile Turret  
  69  7:25  Missile Turret, SCV  
  70  7:32  Supply Depot  
  70  7:33  Supply Depot  
  70  7:53  Marine x2  
  70  7:54  Siege Tank, SCV x2, Marauder, Medivac  
  81  8:06  SCV, Terran Infantry Weapons Level 2  
  82  8:15  Marauder  
  84  8:24  Marine x2  
  84  8:25  Marine  
  87  8:37  Marauder  
  89  8:42  Marine x2  
  89  8:46  Terran Infantry Armor Level 2  
  89  8:48  Barracks, Starport  
  91  8:49  Barracks  
  91  8:51  Barracks  
  89  9:09  Marine x4  
  93  9:18  Refinery  
  93  9:28  Command Center  
  93  9:35  Marauder, Supply Depot x2  
  93  9:37  Siege Tank  
  90  9:41  Marine x2  
  90  9:45  Barracks Tech Lab  
  93  9:46  Barracks Reactor  
  93  9:48  Barracks Reactor  
  93  9:51  Barracks Reactor  
  93  9:52  Barracks Reactor  
  92  9:58  Starport Reactor  
  92  9:59  Starport Tech Lab  
  92  10:02  Marine x3  
  95  10:09  SCV x2  
  97  10:17  Terran Vehicle Weapons Level 1  
  97  10:19  Supply Depot  
  97  10:20  Marine  
  98  10:24  Raven  
  98  10:26  Marine x3  
  98  10:27  Marine x5  
  108  10:32  Marine x2  
  108  10:33  Supply Depot  
  108  10:34  Supply Depot  
  108  10:35  Supply Depot  
  110  10:36  Supply Depot  
  110  10:37  Supply Depot  
  110  10:38  Marine x2  
  110  10:39  Medivac  
  114  10:44  Marine x2  
  116  10:55  Marine x3  
  119  10:57  Marine x4  
  119  10:58  Marauder, Marine  
  119  10:59  Marauder  
  128  11:24  Orbital Command  
  128  11:27  SCV x2  
  128  11:29  Missile Turret, Marine x2  
  128  11:30  Marine x6  
  138  11:39  SCV  
  139  11:40  Medivac  
  139  11:41  Medivac x2  
  139  11:43  Marine  
  139  11:44  Marine  
  147  11:50  Refinery  
  147  12:08  Marine x5  
  149  12:09  Marine x4  
  149  12:10  Marauder  
  149  12:11  Marauder  
  124  12:32  Marauder, Marine x4  
  124  12:33  Marine x6  
  124  12:34  Marine  
  86  12:50  Marine x5  
  86  12:51  Marine x2  
  53  13:14  Marine x3  
  53  13:15  Marine x3  
  53  13:16  Marine x3  
  53  13:18  Siege Tank  
  63  13:20  Medivac  
  63  13:21  Marine  
  63  13:25  Marine  
  65  13:27  Medivac x2  
  65  13:32  Marine x3  
  65  13:33  Marine  
  65  13:34  Marine  
  71  13:35  Marauder  
  71  13:39  Marine x2  
  64  13:42  Marine  
  62  13:50  Siege Tank, Marine x3  
  62  13:51  Marine x2  
  58  14:03  Orbital Command  
  52  14:12  Marine x5  
  52  14:13  Marine x2  
  49  14:46  Marine x3  
  49  14:47  Marine x3  
  55  15:00  Marine  
  55  15:01  Marine x2  
  58  15:21  Marine x5  
  59  15:22  Marine x4  
  67  15:39  Marine x4  
  67  15:40  Marine  
  72  15:45  Marine x2  
  72  15:49  Terran Infantry Weapons Level 3  
  74  15:52  Marine  
  74  15:56  Marine  
  76  15:57  Marine x3  
  79  16:25  Marine x3  
  79  16:26  Marine x5  
  79  16:29  Viking  
  74  16:43  Marine x3  
  74  16:44  Marine  
  64  16:58  Marine  
  64  16:59  Marine x3  
  64  17:01  Marine x3  
  63  17:18  Marine x3  
  25  18:00  Marine x3  
  25  18:01  Marine  
  29  18:05  Marine  
  29  18:06  Marine  
  31  18:25  Marine x3  
  31  18:26  Marine x5  
  39  18:43  Marine x4  
  39  18:44  Marine x4  
  40  19:01  Marine x5  
  40  19:02  Marine x2  
Show
View Real Time Build Order
Export as new Build Order

Michael Zerg - Winner!

Build Orders: Pool First 

Get SALT Encoding   

  12  0:01  Drone  
  13  0:13  Overlord  
  13  0:18  Drone  
  14  0:31  Drone x2  
  14  0:35  Drone  
  17  0:40  Extractor  
  16  0:46  Drone  
  17  0:52  Spawning Pool  
  17  0:57  Drone  
  17  1:07  Drone  
  18  1:20  Hatchery  
  18  1:23  Drone  
  18  1:28  Drone  
  19  1:39  Queen  
  21  1:41  Zergling x2  
  22  1:56  Overlord  
  22  2:03  Roach Warren  
  21  2:08  Drone  
  21  2:15  Queen  
  24  2:32  Queen  
  24  2:34  Overlord  
  26  2:38  Drone x2  
  26  2:39  Drone  
  29  3:12  Drone  
  30  3:13  Drone x5  
  35  3:22  Lair  
  35  3:23  Drone  
  36  3:30  Drone  
  36  3:31  Drone, Spine Crawler  
  37  3:34  Drone  
  37  3:40  Drone  
  39  3:53  Queen  
  39  3:55  Drone x3  
  44  3:57  Overlord x2  
  44  4:00  Overlord  
  44  4:03  Metabolic Boost  
  44  4:07  Extractor, Drone  
  43  4:11  Zergling x2  
  43  4:13  Overlord  
  44  4:17  Roach  
  44  4:18  Roach  
  48  4:35  Roach x5  
  48  4:37  Roach  
  60  4:41  Queen  
  60  4:43  Drone  
  32  5:28  Roach  
  32  5:29  Roach x4  
  38  5:53  Drone  
  38  5:54  Drone x2  
  38  5:56  Drone x3  
  42  5:58  Queen  
  44  6:14  Hatchery  
  44  6:15  Queen  
  45  6:20  Zergling x2  
  45  6:21  Zergling x6  
  49  6:31  Drone x2  
  49  6:32  Drone  
  52  6:33  Drone x4  
  56  6:45  Roach x2  
  60  7:00  Extractor  
  59  7:02  Extractor, Drone  
  59  7:03  Drone  
  59  7:04  Drone  
  61  7:18  Hydralisk Den  
  61  7:19  Spore Crawler  
  60  7:22  Drone  
  60  7:23  Drone x7  
  67  7:31  Queen  
  69  7:49  Spore Crawler  
  69  7:50  Spine Crawler  
  67  7:55  Spore Crawler  
  67  7:58  Spore Crawler, Spine Crawler  
  65  8:00  Drone  
  65  8:01  Drone x9  
  65  8:02  Spine Crawler  
  65  8:03  Overlord  
  73  8:21  Zergling x2  
  73  8:22  Zergling x14  
  81  8:32  Spire  
  80  8:54  Overlord  
  80  8:55  Overlord x3  
  80  9:01  Drone  
  80  9:02  Drone  
  82  9:10  Infestation Pit  
  81  9:19  Evolution Chamber  
  81  9:22  Evolution Chamber  
  81  9:23  Extractor x2, Drone x2  
  81  9:24  Drone  
  80  9:26  Drone x2  
  80  9:27  Drone  
  80  9:28  Drone x3  
  86  9:49  Spore Crawler  
  86  9:50  Spine Crawler  
  86  9:51  Spore Crawler  
  83  9:53  Spore Crawler  
  83  9:55  Spine Crawler  
  81  10:00  Hatchery  
  80  10:12  Drone x3  
  80  10:13  Drone x3  
  86  10:20  Overlord x3  
  86  10:23  Hive  
  86  10:25  Muscular Augments  
  86  10:30  Zerg Ground Armor Level 1  
  86  10:31  Zerg Melee Weapons Level 1  
  86  10:32  Glial Reconstitution  
  86  10:35  Burrow  
  86  10:36  Pneumatized Carapace  
  86  10:38  Overseer  
  86  10:39  Overseer  
  86  11:24  Mutalisk  
  86  11:25  Mutalisk x7  
  98  11:28  Zergling x20  
  112  11:36  Grooved Spines  
  112  11:38  Drone x3  
  112  11:39  Drone x3  
  118  11:46  Greater Spire  
  84  12:25  Corruptor x3  
  84  12:26  Corruptor x3  
  84  12:29  Zergling x22  
  87  12:38  Zergling x10  
  92  12:46  Roach x3  
  97  12:54  Mutalisk  
  97  12:55  Roach  
  97  12:56  Roach x2  
  104  12:59  Brood Lord  
  104  13:01  Brood Lord  
  108  13:08  Brood Lord  
  110  13:19  Brood Lord  
  69  14:29  Corruptor  
  69  14:30  Corruptor x7  
  81  14:42  Drone  
  82  14:58  Hatchery  
  81  15:02  Hatchery  
  80  15:13  Brood Lord x3  
  86  15:24  Brood Lord x5  
  87  15:54  Roach x13  
  111  16:35  Corruptor  
  111  16:38  Overlord x4  
  107  16:45  Queen  
  107  16:46  Queen x2  
  89  16:59  Corruptor  
  89  17:00  Corruptor  
  91  17:39  Corruptor x5  
  91  17:42  Roach  
  97  18:07  Corruptor  
  97  18:08  Corruptor x2  
  93  18:34  Corruptor x3  
  91  18:50  Corruptor  
Show
View Real Time Build Order
Export as new Build Order

SofaKing Terran 

Build Orders: MMM Bio 

Get SALT Encoding   

  12  0:01  SCV  
  13  0:13  SCV  
  14  0:19  Supply Depot  
  14  0:25  SCV  
  15  0:40  SCV  
  16  0:44  Barracks  
  16  0:52  SCV  
  17  1:04  SCV  
  18  1:16  SCV  
  19  1:27  Refinery  
  19  1:30  Refinery  
  19  1:35  Command Center  
  19  1:38  Marine  
  20  1:47  Supply Depot  
  20  1:56  Orbital Command  
  20  2:05  Barracks Reactor  
  20  2:14  Barracks  
  20  2:19  Barracks  
  19  2:28  Factory  
  19  2:34  SCV  
  20  2:43  Marine x2  
  22  2:46  SCV  
  23  2:58  SCV  
  24  3:04  Barracks Tech Lab  
  24  3:05  Barracks Tech Lab  
  24  3:13  Factory Tech Lab  
  24  3:19  SCV  
  25  3:29  Combat Shields  
  25  3:30  Stimpack  
  25  3:31  SCV  
  26  3:37  Siege Tank  
  29  3:59  Marine x2  
  31  4:07  Supply Depot  
  31  4:10  Supply Depot  
  31  4:28  Siege Tank, SCV, Marauder, Marine x2  
  39  4:32  Marauder  
  41  4:45  Supply Depot  
  41  4:46  Marine x2  
  41  4:50  Marauder, Supply Depot  
  45  4:53  Marauder  
  33  5:36  Marauder, Marine  
  33  5:37  Marauder, Marine  
  33  5:38  Siege Tank  
  42  5:54  Supply Depot  
  42  5:56  Marine  
  42  5:57  Marine  
  43  5:58  Marauder x2  
  43  5:59  Supply Depot  
  48  6:19  Command Center  
  48  6:35  Engineering Bay, Starport  
  48  6:36  SCV  
  48  6:38  Engineering Bay  
  49  6:48  SCV  
  50  6:56  Marauder x2, Marine x2  
  50  6:58  Siege Tank  
  50  7:00  SCV  
  60  7:13  SCV  
  61  7:19  Marauder x2, Marine x2  
  61  7:21  Starport Reactor  
  67  7:29  Terran Infantry Armor Level 1, Terran Infantry Weapons Level 1  
  67  7:46  Siege Tank  
  67  7:47  Marine x2  
  67  7:49  Marauder  
  74  7:54  Marauder  
  76  8:00  Planetary Fortress  
  76  8:09  Marine x2  
  78  8:31  Missile Turret x2  
  78  8:45  Missile Turret  
  78  8:46  Missile Turret x2  
  78  8:48  SCV x2  
  78  8:50  Missile Turret x2  
  78  8:52  Missile Turret  
  80  9:17  Armory  
  80  9:22  Medivac x2  
  84  9:31  Concussive Shells  
  84  9:32  Marauder, Marine x2  
  84  9:33  Marauder  
  84  9:34  Siege Tank  
  93  9:51  Marine  
  94  9:56  Marine  
  94  9:58  Supply Depot  
  94  9:59  Supply Depot  
  95  10:06  SCV x2  
  97  10:08  Command Center  
  97  10:09  Refinery  
  97  10:18  Terran Infantry Weapons Level 2  
  97  10:28  Marine x2  
  98  10:29  Marauder  
  98  10:31  Marauder  
  103  10:42  Supply Depot  
  103  10:43  Supply Depot  
  103  10:50  Terran Infantry Armor Level 2  
  103  10:53  Marine  
  103  10:54  Marine  
  105  11:23  Orbital Command  
  105  11:24  Marine x2  
  109  11:29  Marauder  
  109  11:30  Marauder  
  111  11:34  Siege Tank  
  114  11:42  Marine x2  
  116  11:47  SCV x2  
  116  11:50  Marauder  
  116  11:52  Marauder  
  116  11:53  SCV  
  123  12:01  Medivac  
  125  12:03  Marine x2  
  127  12:11  Marine  
  127  12:13  Marine  
  129  12:17  Medivac  
  129  12:21  Marine x2  
  121  12:29  Marine  
  87  12:30  Marine  
  83  12:39  Marine x2  
  81  12:47  Marine  
  81  12:48  Marine  
  83  12:56  Marine  
  83  12:57  Marine  
  83  13:04  Marine  
  82  13:07  Marauder  
  84  13:14  Marine x2  
  86  13:23  Marauder  
  88  13:28  Marauder  
  88  13:32  Marine x2  
  88  13:44  Marauder  
  86  13:49  Marauder  
  86  13:52  Viking x2  
  92  13:56  Marine  
  92  13:57  Marine  
  86  14:06  Marauder  
  78  14:11  Marauder  
  78  14:14  Marine x2  
  72  14:22  Viking x2  
  76  14:24  Refinery x2  
  76  14:27  Marauder, Refinery  
  78  14:32  Marine x3  
  81  14:48  Marine  
  81  14:49  Marine x2  
  81  14:50  Marine  
  81  14:52  Viking x2  
  89  15:05  Thor  
  89  15:06  Marine  
  96  15:07  Marine x2  
  96  15:08  Terran Vehicle And Ship Armor Level 1, Marine  
  99  15:22  Viking x2  
  99  15:23  Marine  
  99  15:24  SCV  
  99  15:25  SCV x2, Marine x2  
  99  15:26  Marine  
  110  15:37  SCV x3  
  110  15:41  Marine  
  114  15:43  Marine x3  
  114  15:49  SCV x3  
  120  15:52  Viking x2  
  124  15:59  Marine  
  124  16:01  Marine x3  
  126  16:17  Marauder  
  122  16:19  Marauder, Marine x2  
  122  16:22  Viking  
  122  16:24  Thor  
  131  16:26  Viking  
  131  16:39  Marauder  
  131  16:40  Marauder  
  95  16:52  Viking  
  78  16:56  Viking  
  78  16:57  Marine x2  
  78  17:00  Marine  
  80  17:01  Marine  
  73  17:15  Marine x2  
  62  17:17  Marine  
  62  17:19  Marine  
  60  17:33  Marine x2  
  60  17:35  Viking x2, Marine  
  67  17:37  Marine  
  64  17:53  Marine  
  64  17:54  Terran Vehicle And Ship Armor Level 2  
  64  17:55  Marine  
  67  18:05  Viking x2  
  62  18:11  Marine  
  62  18:13  Marine  
  62  18:19  Siege Tank  
  64  18:29  Marine  
  64  18:30  Marine  
  60  18:35  Viking x2  
  49  18:47  Marine  
  48  18:48  Marine  
  45  19:05  Viking x2  
Show
View Real Time Build Order
Export as new Build Order

Fishfry Protoss 

Build Orders: Mass Adepts 

Get SALT Encoding   

  12  0:01  Probe  
  13  0:13  Probe  
  14  0:18  Pylon  
  14  0:27  Probe  
  15  0:37  Gateway  
  15  0:49  Assimilator  
  15  0:52  Probe  
  15  0:55  Pylon  
  16  1:00  Probe  
  17  1:11  Probe, Gateway  
  18  1:27  Cybernetics Core  
  18  1:30  Probe  
  19  1:43  Gateway  
  19  1:46  Probe  
  20  1:55  Assimilator  
  20  2:05  Warp Gate, Pylon  
  20  2:09  Adept  
  20  2:13  Adept  
  24  2:21  Probe  
  25  2:30  Twilight Council  
  25  2:40  Adept  
  27  2:44  Adept  
  27  2:47  Resonating Glaives  
  29  2:51  Adept  
  29  2:55  Probe  
  32  3:11  Adept  
  34  3:17  Adept  
  36  3:24  Pylon  
  36  3:32  Probe  
  39  3:34  Adept  
  39  3:35  Adept  
  39  3:47  Adept  
  43  4:23  Robotics Facility  
  43  4:27  Adept x2  
  47  4:34  Pylon  
  47  4:52  Probe  
  48  5:03  Immortal  
  44  5:09  Adept x3  
  40  5:41  Probe  
  35  5:50  Immortal  
  35  5:56  Probe  
  32  6:03  Nexus  
  34  6:07  Pylon  
  34  6:14  Gateway  
  34  6:26  Adept x3  
  40  6:37  Probe  
  41  6:45  Probe  
  41  6:50  Charge, Adept x2  
  41  6:53  Adept, Probe  
  49  7:05  Probe  
  49  7:07  Immortal  
  50  7:21  Probe  
  55  7:37  Probe x2  
  57  7:51  Nexus  
  57  7:58  Assimilator  
  57  8:02  Assimilator  
  57  8:10  Templar Archives  
  57  8:11  Probe  
  54  8:20  Adept x2  
  58  8:31  Probe x2  
  60  8:43  Probe  
  60  8:47  High Templar  
  60  8:48  High Templar  
  65  8:50  High Templar  
  65  8:51  High Templar  
  69  8:57  Gateway  
  69  8:59  Gateway  
  69  9:04  Observer  
  69  9:07  Probe  
  72  9:17  Probe x2, Pylon  
  72  9:22  Archon x2  
  73  9:26  Warp Prism  
  75  9:34  Forge  
  75  9:37  Forge  
  75  9:41  Probe x2, Gateway  
  75  9:42  Probe  
  78  9:50  High Templar x2  
  78  9:52  High Templar  
  84  9:56  Archon  
  84  9:58  High Templar  
  86  10:04  Protoss Ground Armor Level 1, Archon  
  86  10:06  Zealot x2  
  90  10:10  Protoss Ground Weapons Level 1  
  90  10:15  Probe x2  
  90  10:16  Probe  
  90  10:18  Assimilator  
  93  10:24  Assimilator  
  93  10:27  Probe  
  94  10:30  Zealot x2  
  94  10:31  Sentry  
  100  10:39  Pylon  
  100  10:41  Probe  
  101  10:57  Probe  
  101  11:00  Pylon  
  102  11:24  Zealot x2  
  102  11:25  Zealot x5  
  114  11:27  Probe  
  117  11:34  Pylon  
  117  11:38  Pylon x2  
  117  11:52  Probe  
  118  11:56  High Templar x2, Pylon  
  118  11:57  High Templar x2  
  118  11:58  High Templar x2  
  118  12:00  Zealot  
  132  12:06  Gateway x2  
  132  12:09  Archon x3, Gateway  
  132  12:15  Protoss Ground Armor Level 2, Protoss Ground Weapons Level 2  
  124  12:35  Zealot x5  
  124  12:36  Zealot  
  100  12:49  Zealot  
  98  13:05  Zealot x3  
  90  13:06  Zealot x3  
  82  13:34  Zealot  
  82  13:35  Zealot x4  
  82  13:36  Zealot x2  
  82  13:39  Probe x2  
  90  13:43  Nexus  
  80  13:49  Probe  
  80  13:51  Probe  
  68  13:56  High Templar x6  
  68  13:57  High Templar  
  68  14:00  Archon x3  
  74  14:15  Zealot x3  
  72  14:31  Zealot x5  
  60  14:32  Zealot x2  
  60  14:34  Protoss Ground Armor Level 3  
  60  14:37  Protoss Ground Weapons Level 3  
  56  15:03  Zealot  
  56  15:04  Zealot x6  
  56  15:05  Zealot x3  
  74  15:17  Probe  
  74  15:18  Probe  
  74  15:30  High Templar  
  74  15:31  Psionic Storm, High Templar  
  74  15:32  High Templar x3  
  74  15:33  High Templar x3  
  74  15:34  High Templar x2  
  92  15:47  Nexus  
  90  15:50  Archon x2, Pylon x2  
  90  15:51  Archon x3  
  79  16:20  Zealot x6  
  79  16:21  Zealot x4  
  69  16:42  High Templar x5  
  69  16:43  High Templar x4  
  75  16:48  Archon  
  75  16:49  Archon x3  
  75  16:51  Zealot  
  75  16:57  Probe  
  75  16:58  Probe  
  53  17:17  Zealot x6  
  53  17:18  Zealot x4  
  49  17:40  Stalker x5  
  49  17:41  Stalker x4  
  55  18:11  Stalker x4  
  55  18:12  Stalker x2  
  59  18:13  Zealot x3  
  47  18:35  Zealot x4  
  47  18:36  Zealot x3  
Tags
 
Add a new tag
Caveats
  • Supply blocks, unpowered buildings, or Contaminate may cause inaccurate times.
  • Supply counts are checked every 10 seconds.